 Dungeon Crawl Stone Soup version 0.23.0-3-gf3c87f2 (webtiles) character file.

Game seed: 16759285815557068163

17363 bmj180 the Geomancer (level 12, -3/96 HPs)
             Began as a Gargoyle Earth Elementalist on Feb 22, 2019.
             Was a Priest of Vehumet.
             Slain by a harpy (18 damage)
             ... summoned by Kirke
             ... on level 11 of the Dungeon.
             The game lasted 01:04:29 (17185 turns).

bmj180 the Geomancer (Gargoyle Earth Elementalist) Turns: 17185, Time: 01:04:30

Health: -3/96      AC:  0    Str: 17    XL:     12   Next: 47%
Magic:  27/27      EV: 15    Int: 21    God:    Vehumet [***...]
Gold:   808        SH:  2    Dex: 10    Spells: 24/33 levels left

rFire    . . .     SeeInvis .   (weapon currently unavailable)
rCold    . . .     Gourm    .   (shield currently unavailable)
rNeg     + . .     Faith    .   (armour currently unavailable)
rPois    ∞         Spirit   .   (helmet currently unavailable)
rElec    .         Reflect  +   (cloak currently unavailable)
rCorr    .         Harm     .   (gloves currently unavailable)
MR       .....                  (boots currently unavailable)
Stlth    ..........             v - +2 amulet of reflection
HPRegen  0.26/turn              (ring currently unavailable)
MPRegen  0.20/turn              (ring currently unavailable)

@: berserking, pig-form, very quick
A: small, negative energy resistance 1, petrification resistance, rot immunity,
AC +8
a: Renounce Religion


You were on level 11 of the Dungeon.
You worshipped Vehumet.
Vehumet was most pleased with you.
You were not hungry.
You were a filthy swine.
You visited 2 branches of the dungeon, and saw 13 of its levels.
You also visited: Bailey.

You collected 808 gold pieces.

Inventory:

Hand Weapons
 u - a +2 demon trident of venom
 F - a +3 flail of protection (melded)
 I - the +8 demon blade "Leech" {vamp, rN+ AC-3 EV-3}
   (You found it on level 9 of the Dungeon)

   It inflicts no extra harm, but heals its wielder when it wounds a living foe.
   It affects your AC (-3).
   It affects your evasion (-3).
   It protects you from negative energy.
 Q - a +4 scimitar of flaming
Missiles
 b - 67 stones (quivered)
 J - 6 tomahawks
Armour
 g - a +1 cloak (melded)
 m - the +6 chain mail of Defiance {Dex+3}
   (You found it on level 9 of the Dungeon)

   It affects your dexterity (+3).
 s - a +0 pair of gloves (melded)
 y - a +2 robe of positive energy (melded)
 C - a +1 pair of boots (melded)
 L - a +0 troll leather armour
 M - a +2 hat of intelligence (melded)
 O - a +2 ring mail of poison resistance
 S - a +0 pair of boots
 V - a +3 scale mail
Jewellery
 a - a +3 ring of protection (melded)
 r - a ring of resist corrosion (melded)
 v - a +2 amulet of reflection (around neck)
 D - an uncursed ring of protection from cold
 E - an uncursed amulet of magic regeneration
 W - the cursed necklace of Bloodlust {*Rage +Rage MR++ Int-3 Slay+6 *Curse}
   (You took it off a gnoll sergeant in a bailey)

   [amulet of rage]

   It affects your intelligence (-3).
   It affects your accuracy and damage with ranged weapons and melee attacks
   (+6).
   It affects your resistance to hostile enchantments.
   It lets you go berserk.
   It may make you go berserk in combat.
   It curses itself when equipped.
   It has a curse placed upon it.
 X - the amulet of Rinlutoi {+Rage rF+ rC+}
   (You took it off a gnoll shaman in a bailey)

   [amulet of rage]

   It protects you from fire.
   It protects you from cold.
   It lets you go berserk.
Wands
 k - a wand of iceblast (5)
 w - a wand of digging (6)
 K - a wand of polymorph (8)
Scrolls
 d - a scroll of noise {unknown}
 f - a scroll of teleportation
 h - 3 scrolls of identify
 n - 6 scrolls of remove curse
 p - 3 scrolls of fear
 q - 3 scrolls of magic mapping
 N - a scroll of enchant armour
 P - 2 scrolls of immolation
Potions
 c - 3 potions of might
 j - a potion of agility {unknown}
 l - a potion of cancellation {unknown}
 o - 8 potions of curing
 t - 3 potions of flight {unknown}
 x - a potion of heal wounds {unknown}
 z - a potion of mutation {unknown}
 B - 3 potions of resistance {unknown}
 G - a potion of magic {unknown}
 H - 3 potions of lignification {unknown}
 R - 2 potions of degeneration {unknown}
 T - 2 potions of haste
 Z - a potion of brilliance {unknown}
Miscellaneous
 U - a crystal ball of energy
 Y - a phantom mirror
Comestibles
 e - 22 rations


   Skills:
 + Level 3.2 Fighting
 + Level 6.0 Maces & Flails
 + Level 4.2 Dodging
 + Level 4.5 Stealth
 * Level 11.3 Spellcasting
 * Level 6.5 Conjurations
   Level 0.7 Transmutations
 * Level 13.4 Earth Magic
 * Level 2.9 Evocations


You had 24 spell levels left.
You knew the following spells:

 Your Spells              Type           Power        Failure   Level  Hunger
a - Sandblast             Erth           ######       0%          1    None
b - Stone Arrow           Conj/Erth      ######       1%          3    None
c - Lee's Rapid Deconstr  Erth           ######....   1%          5    ####...

Your spell library contained the following spells:

 Spells                   Type           Power        Failure   Level  Hunger
 Airstrike                Air            ##........   16%         4    #......
 Passwall                 Tmut/Erth      #####...     1%          2    None
 Dazzling Spray           Conj/Hex       ####..       1%          3    None
 Petrify                  Tmut/Erth      #####...     3%          4    #......
 Animate Skeleton         Necr           N/A          6%          1    None
 Corona                   Hex            ##.....      6%          1    None
 Pain                     Necr           ##..         6%          1    None
 Ensorcelled Hibernation  Hex/Ice        ##....       9%          2    None
 Confuse                  Hex            ##......     17%         3    None
 Regeneration             Chrm/Necr      ##........   17%         3    None
 Tukima's Dance           Hex            ##......     17%         3    None
 Vampiric Draining        Necr           ##........   17%         3    None
 Animate Dead             Necr           N/A          50%         4    #......


Dungeon Overview and Level Annotations

Branches:
Dungeon (12/15)            Temple (1/1) D:7            Lair (0/6) D:10
    Orc (0/2) D:12

Altars:
Ashenzari
Cheibriados
Dithmenos
Elyvilon
Fedhas
Gozag
Hepliaklqana
Kikubaaqudgha
Makhleb
Nemelex Xobeh
Okawaru
Qazlal
Ru
Sif Muna
Trog
Uskayaw
Vehumet
Wu Jian
Xom
Yredelemnul
Zin
The Shining One

Annotations:
D:11 Kirke


Innate Abilities, Weirdness & Mutations

You are resistant to torment.
((Your stone body is resilient. (AC +8)))
You are immune to poison.
You resist negative energy. (rN+)
((You are resistant to electric shocks. (rElec)))
((You can survive without breathing.))
You are immune to petrification.
You are immune to rotting.


Message History

The hog bites you.
You hear some strange, mumbled words.
Something summons some harpies!
The harpy screeches!
The hog closely misses you. The hog misses you. The harpy misses you.
The harpy claws you. The hog bites you!
* * * LOW HITPOINT WARNING * * *
The harpy claws you.
* * * LOW HITPOINT WARNING * * *
The harpy closely misses you.
Unknown command.
It was a potion of berserk rage.
A red film seems to cover your vision as you go berserk!
You feel yourself moving faster!
You feel mighty! The harpy claws you.
* * * LOW HITPOINT WARNING * * *
The harpy barely misses you. You block the harpy's attack. The harpy claws you.
* * * LOW HITPOINT WARNING * * *
The harpy claws you!!
You die...

#...#
#...#
#...#
#...#
#.).#
#.{.#
#...#


#HhH# #Hh.# ##### You could see 3 harpies and a hog.

Vanquished Creatures
  Gastronok (D:8)
  Azrael (D:12)
  2 two-headed ogres
  Pikel (D:4)
  A manticore (D:11)
  A cyclops (D:3)
  A gargoyle (D:9)
  A queen bee (D:8)
  3 trolls
  Prince Ribbit (D:5)
  A hippogriff (D:10)
  Sigmund (D:4)
  A fire elemental (D:12)
  3 yaks (D:11)
  3 hogs (D:12)
  Eustachio (D:3)
  3 vampire mosquitoes (D:12)
  2 hungry ghosts (D:11)
  An acid dragon (D:11)
  Menkaure (D:4)
  Duvessa (D:5)
  5 swamp worms
  2 hell hounds (D:12)
  4 ice beasts
  5 black bears
  8 orc warriors
  3 sky beasts
  A phantom (D:5)
  A slave (D:5)
  6 ogres
  4 centaurs
  A big kobold (D:7)
  5 bullfrogs
  8 gnoll sergeants (Bailey)
  Dowan (D:5)
  A scorpion (D:8)
  36 killer bees
  5 wights (D:10)
  A bullfrog zombie (D:12)
  5 crimson imps
  2 jellies
  A quasit (D:6)
  2 centaur zombies
  9 orc priests
  A bullfrog skeleton (D:7)
  15 orc wizards
  6 gnoll shamans (Bailey)
  5 hounds
  Jessica (D:2)
  3 iguanas
  11 worker ants
  The ghost of p0werm0de the Charlatan, a weakling GnAr (D:3)
  2 hound zombies
  A howler monkey zombie (D:9)
  A worker ant zombie (D:11)
  A howler monkey skeleton (D:10)
  22 gnolls
  10 adders
  2 shadow imps
  2 oozes
  An adder zombie (D:5)
  An adder skeleton (D:7)
  2 worms
  3 dart slugs
  5 leopard geckos
  45 orcs
  8 giant cockroaches
  16 goblins
  11 hobgoblins
  12 jackals
  15 kobolds
  6 quokkas
  A ball python (D:1)
  4 bats
  3 frilled lizards
  A leopard gecko zombie (D:3)
  3 quokka skeletons
  A quokka zombie (D:5)
  10 rats
379 creatures vanquished.

Vanquished Creatures (others)
  A crimson imp (D:5)
  An adder (D:5)
  4 plants (D:8)
6 creatures vanquished.

Grand Total: 385 creatures vanquished

Notes
Turn   | Place    | Note
-------+----------+-------------------------------------------
     0 | D:1      | bmj180 the Gargoyle Earth Elementalist began the quest for
                  | the Orb.
     0 | D:1      | Reached XP level 1. HP: 10/10 MP: 3/3
   145 | D:1      | Reached skill level 4 in Earth Magic
   160 | D:1      | Reached XP level 2. HP: 13/15 MP: 5/5
   880 | D:2      | Noticed Jessica
   889 | D:2      | Killed Jessica
   889 | D:2      | Reached XP level 3. HP: 18/19 MP: 7/7
  1143 | D:2      | Reached XP level 4. HP: 24/24 MP: 5/8
  1544 | D:2      | Found a faded altar of an unknown god.
  1994 | D:3      | Found a transporter.
  1994 | D:3      | Noticed a cyclops
  1996 | D:3      | Found an ornate altar of the Wu Jian Council.
  1996 | D:3      | Noticed an ogre
  2000 | D:3      | Found a transporter.
  2160 | D:3      | Reached skill level 1 in Maces & Flails
  2160 | D:3      | Reached XP level 5. HP: 8/28 MP: 5/9
  2388 | D:3      | Found a hazy altar of Hepliaklqana.
  2440 | D:3      | Found a runed translucent gate.
  2440 | D:3      | Found a runed translucent gate.
  2440 | D:3      | Found a runed translucent gate.
  2441 | D:3      | Noticed p0werm0de's ghost (weakling GnAr)
  3098 | D:4      | Found a glowing silver altar of Zin.
  3098 | D:4      | Noticed an angel
  3112 | D:4      | Reached skill level 5 in Earth Magic
  3138 | D:3      | Reached XP level 6. HP: 30/33 MP: 2/11
  3563 | D:4      | Reached skill level 1 in Fighting
  3579 | D:4      | Noticed Eustachio
  3622 | D:4      | Noticed Sigmund
  3774 | D:3      | Killed Eustachio
  3774 | D:3      | Reached skill level 6 in Earth Magic
  3774 | D:3      | Reached XP level 7. HP: 17/38 MP: 1/13
  4000 | D:4      | Noticed Menkaure
  4036 | D:4      | Killed Menkaure
  4156 | D:4      | Reached skill level 5 in Spellcasting
  4413 | D:4      | Killed Sigmund
  4413 | D:4      | Reached skill level 7 in Earth Magic
  4413 | D:4      | Reached XP level 8. HP: 43/43 MP: 11/16
  4490 | D:4      | Found a shimmering altar of Xom.
  4664 | D:4      | Learned a level 3 spell: Stone Arrow
  4670 | D:4      | Learned a level 5 spell: Lee's Rapid Deconstruction
  4707 | D:5      | Entered Level 5 of the Dungeon
  4750 | D:5      | Noticed Prince Ribbit
  4758 | D:5      | Killed Prince Ribbit
  5292 | D:5      | Noticed Pikel
  5308 | D:4      | Killed Pikel
  5308 | D:4      | Reached skill level 8 in Earth Magic
  5308 | D:4      | Reached XP level 9. HP: 43/48 MP: 11/19
  5421 | D:5      | Noticed a +0 hand axe
  5421 | D:5      | Noticed a +0 dagger
  5422 | D:5      | Found a hide-covered altar of Uskayaw.
  5923 | D:5      | Noticed Duvessa
  5923 | D:5      | Noticed Dowan
  5939 | D:5      | Killed Duvessa
  6140 | D:5      | Killed Dowan
  6148 | D:5      | Reached skill level 9 in Earth Magic
  7108 | D:6      | Reached skill level 1 in Conjurations
  7778 | D:7      | Found a staircase to the Ecumenical Temple.
  7794 | Temple   | Entered the Ecumenical Temple
  7933 | D:7      | Found a glowing golden altar of the Shining One.
  7976 | D:7      | Found a sacrificial altar of Ru.
  8192 | D:8      | Noticed Gastronok
  8371 | D:8      | Noticed a two-headed ogre
  8371 | D:8      | Noticed a two-headed ogre
  8385 | D:8      | Killed a two-headed ogre
  8385 | D:8      | Reached skill level 10 in Earth Magic
  8385 | D:8      | Reached XP level 10. HP: 41/54 MP: 1/22
  9362 | D:8      | Found a shattered altar of Ashenzari.
  9364 | D:8      | Found a sparkling altar of Nemelex Xobeh.
  9857 | D:8      | Found a shadowy altar of Dithmenos.
  9858 | D:8      | Found a radiant altar of Vehumet.
 10275 | D:7      | Killed a two-headed ogre
 10275 | D:7      | Reached skill level 11 in Earth Magic
 10613 | D:8      | Killed Gastronok
 10613 | D:8      | Reached skill level 10 in Spellcasting
 10613 | D:8      | Reached skill level 12 in Earth Magic
 10613 | D:8      | Reached XP level 11. HP: 50/59 MP: 1/25
 10862 | D:9      | Found a flagged portal.
 10882 | Bailey   | Entered a bailey
 11562 | Bailey   | Reached skill level 5 in Maces & Flails
 11880 | Bailey   | Identified the amulet of Rinlutoi {+Rage rF+ rC+}
 12347 | D:9      | Got a translucent chain mail
 12422 | D:9      | Found the +8 demon blade "Leech" {vamp, rN+ AC-3 EV-3}
 13023 | D:8      | Became a worshipper of Vehumet
 13189 | D:9      | Reached skill level 5 in Conjurations
 13232 | D:9      | Reached * piety under Vehumet
 13232 | D:9      | Offered knowledge of Shock by Vehumet.
 14095 | D:3      | Killed p0werm0de's ghost
 14224 | D:3      | Killed a cyclops
 14475 | D:10     | Entered Level 10 of the Dungeon
 14539 | D:10     | Identified the +6 chain mail of Defiance {Dex+3} (You found
                  | it on level 9 of the Dungeon)
 14564 | D:10     | Identified a scroll of acquirement
 14607 | D:10     | Offered knowledge of Magic Dart by Vehumet.
 14608 | D:10     | Reached ** piety under Vehumet
 14633 | D:10     | Reached skill level 1 in Evocations
 14842 | D:10     | Reached skill level 13 in Earth Magic
 14999 | D:10     | Found a staircase to the Lair.
 15414 | D:10     | Reached XP level 12. HP: 63/64 MP: 26/26
 15473 | D:10     | Offered knowledge of Static Discharge by Vehumet.
 15813 | D:11     | Reached *** piety under Vehumet
 16173 | D:11     | You fall through a shaft!
 16252 | D:12     | Found a staircase to the Orcish Mines.
 16277 | D:12     | Offered knowledge of Airstrike by Vehumet.
 16317 | D:12     | Noticed Kirke
 16347 | D:12     | Noticed Azrael
 16347 | D:12     | Noticed a two-headed ogre
 16878 | D:12     | Killed Azrael
 17148 | D:12     | Noticed a sphinx
 17185 | D:11     | Slain by a harpy

Skill      XL: |  1  2  3  4  5  6  7  8  9 10 11 12 |
---------------+-------------------------------------+-----
Earth Magic    | 4 5 6 7 8 10 12 13 | 13.4
Spellcasting   | 3 4 5 6 8 10 11 | 11.3
Stealth        | 3 4 |  4.5
Maces & Flails | 1 2 3 4 5 6 |  6.0
Dodging        | 2 3 4 |  4.2
Fighting       | 1 2 3 |  3.2
Conjurations   | 2 3 5 6 |  6.5
Evocations     | 1 2 |  2.9
Transmutations | |  0.7

Action                   |  1- 3 |  4- 6 |  7- 9 | 10-12 || total
-------------------------+-------+-------+-------+-------++-------
Melee: Club              |     8 |       |       |       ||     8
       Whip              |    43 |   152 |    50 |       ||   245
       Flail             |       |    42 |   231 |   393 ||   666
 Cast: Sandblast         |    17 |    62 |    80 |   132 ||   291
       Lee's Rapid Decon |       |       |    17 |    39 ||    56
       Stone Arrow       |       |       |       |   129 ||   129
Evoke: Wand              |       |       |       |     3 ||     3
  Use: Scroll            |       |       |       |    14 ||    14
       Potion            |       |       |       |     5 ||     5
 Stab: Sleeping          |     4 |     8 |     4 |     5 ||    21
       Distracted        |       |       |       |     2 ||     2
  Eat: Chunk             |     1 |     7 |     9 |    16 ||    33
       Ration            |       |     1 |     2 |     6 ||     9
Armor: Robe              |    22 |    94 |   170 |   429 ||   715
Dodge: Dodged            |    30 |   167 |   229 |   571 ||   997
Block: Other             |       |       |       |    15 ||    15
